 Dungeon Crawl Stone Soup version 0.28.0-47-ge53b351184 (webtiles) character file.

Game seed: 17285429382373356417

117 UnkleBill the Thrower (level 5, -1/37 HPs)
             Began as a Gnoll Wanderer on Apr 25, 2022.
             Slain by an ice beast (10 damage)
             ... on level 3 of the Dungeon.
             The game lasted 00:05:52 (3325 turns).

UnkleBill the Thrower (Gnoll Wanderer)              Turns: 3325, Time: 00:05:53

Health: -1/37      AC:  8    Str: 10    XL:     5   Next: 1%
Magic:  6/6        EV: 10    Int:  8    God:
Gold:   134        SH:  6    Dex: 18    Spells: 6/6 levels left

rFire   . . .      SeeInvis .   a - +2 dagger
rCold   . . .      Faith    .   d - +0 buckler
rNeg    . . .      Spirit   .   q - +0 ring mail
rPois   +          Reflect  .   (no helmet)
rElec   .          Harm     .   v - scarf {+Inv}
rCorr   .          Rampage  .   k - +2 pair of gloves
Will    .....                   (no boots)
Stlth   ++........              t - amulet of regeneration
HPRegen 0.92/turn               l - ring of poison resistance
MPRegen 0.10/turn               (no ring)

@: no status effects
A: fangs 1, strong nose, distributed training
a: Evoke Invisibility


You were on level 3 of the Dungeon.
You visited 1 branch of the dungeon, and saw 3 of its levels.

You collected 134 gold pieces.

Inventory:

Hand Weapons
 a - a +2 dagger (weapon)
 c - a +0 short sword
Missiles
 b - 2 curare-tipped darts (quivered)
Armour
 d - a +0 buckler (worn)
 e - a +0 leather armour
 k - a +2 pair of gloves (worn)
 q - a +0 ring mail (worn)
 v - a scarf of invisibility (worn)
Jewellery
 l - a ring of poison resistance (left hand)
 t - an amulet of regeneration (around neck)
Scrolls
 h - 2 scrolls of identify {unknown}
 i - 2 scrolls of noise {unknown}
 n - a scroll of enchant weapon {unknown}
 o - a scroll of torment {unknown}
 p - a scroll of silence {unknown}
 r - a scroll of magic mapping {unknown}
 s - a scroll of teleportation {unknown}
Potions
 f - 2 potions of degeneration {unknown}
 g - a potion of heal wounds {unknown}
 j - a potion of haste {unknown}
 m - a potion of curing {unknown}
 u - a potion of ambrosia {unknown}


   Skills:
 + Level 1.3 Fighting
 + Level 4.7 Short Blades
 + Level 1.3 Long Blades
 + Level 1.3 Axes
 + Level 1.3 Maces & Flails
 + Level 1.3 Polearms
 + Level 1.3 Staves
 + Level 1.3 Slings
 + Level 1.3 Bows
 + Level 1.3 Crossbows
 + Level 8.6 Throwing
 + Level 2.8 Armour
 + Level 1.3 Dodging
 + Level 2.6 Stealth
 + Level 4.7 Shields
 + Level 1.3 Unarmed Combat
 + Level 1.3 Spellcasting
 + Level 1.0 Conjurations
 + Level 1.0 Hexes
 + Level 1.0 Summonings
 + Level 1.0 Necromancy
 + Level 1.0 Translocations
 + Level 1.0 Transmutations
 + Level 1.0 Fire Magic
 + Level 1.0 Ice Magic
 + Level 1.0 Air Magic
 + Level 1.0 Earth Magic
 + Level 1.0 Poison Magic
 + Level 1.4 Invocations
 + Level 1.3 Evocations


You had 6 spell levels left.
You didn't know any spells.
Your spell library contained the following spells:

 Spells                   Type           Power      Damage    Failure   Level
 Sting                    Tmut/Pois      8%         1d3       63%         1
 Poisonous Vapours        Pois/Air       4%         N/A       77%         2
 Conjure Flame            Conj/Fire      2%         6-21      94%         3
 Ignite Poison            Fire/Tmut/Pois 2%         N/A       94%         3
 Olgreb's Toxic Radiance  Pois           2%         N/A       100%        4
 Sticky Flame             Conj/Fire      2%         2d3       100%        4


Dungeon Overview and Level Annotations

Branches:
Dungeon (3/15)

Altars:
Ashenzari


Innate Abilities, Weirdness & Mutations

You have very sharp teeth.
Your uncanny sense of smell can sniff out nearby items.
Your experience applies equally to all skills.


Message History

The ice beast is severely wounded.
You hit the ice beast but do no damage. You bite the ice beast.
The ice beast is severely wounded.
The ice beast hits you. The ice beast freezes you.
You hit the ice beast but do no damage.
The ice beast is severely wounded.
The ice beast hits you but does no damage.
You hit the ice beast but do no damage.
You bite the ice beast, but do no damage.
The ice beast is severely wounded.
The ice beast hits you but does no damage.
You barely miss the ice beast.
The ice beast is severely wounded.
The ice beast hits you. The ice beast freezes you.
You hit the ice beast. Your bite misses the ice beast.
The ice beast is severely wounded.
You barely miss the ice beast.
The ice beast is severely wounded.
The ice beast barely misses you.
You hit the ice beast but do no damage.
The ice beast is severely wounded.
The ice beast closely misses you.
You hit the ice beast but do no damage.
The ice beast is severely wounded.
You block the ice beast's attack.
You closely miss the ice beast.
The ice beast is severely wounded.
The ice beast hits you. The ice beast freezes you.
* * * LOW HITPOINT WARNING * * *
You closely miss the ice beast. You bite the ice beast.
The ice beast is severely wounded.
The ice beast hits you but does no damage.
You barely miss the ice beast.
The ice beast is severely wounded.
You hit the ice beast but do no damage.
The ice beast is severely wounded.
The ice beast hits you.
* * * LOW HITPOINT WARNING * * *
The ice beast freezes you!
You die...

##########################.#
...............# #.#
##############.# #.# . #.#
#######.# # #.# #....##.# #.
#.# #....##.# #...###.#
##....##.#
#.......####........######
.........@Y...............
..##############......####
#......# B ##....## .
≈≈≈≈#......#≈≈P
≈≈≈≈.......(≈≈≈
≈≈≈≈#......#≈≈≈
.≈≈.###....###.≈ .≈≈≈
#......# ≈≈


You could see an ice beast.

Vanquished Creatures
  An orc wizard (D:3)
  An adder (D:2)
  3 gnolls (D:3)
  A dart slug (D:2)
  5 orcs (D:3)
  5 endoplasms
  A goblin (D:1)
  6 hobgoblins
  2 jackals (D:2)
  3 kobolds (D:1)
  A quokka (D:1)
  5 ball pythons
  2 bats
  6 frilled lizards
  5 rats
47 creatures vanquished.

Vanquished Creatures (others)
  2 fungi (D:1)
  19 plants
21 creatures vanquished.

Grand Total: 68 creatures vanquished

Notes
Turn   | Place    | Note
-------+----------+-------------------------------------------
     0 | D:1      | UnkleBill the Gnoll Wanderer began the quest for the Orb.
     0 | D:1      | UnkleBill set off with the following items: a +2 dagger, 3
                  | curare-tipped darts, a +0 short sword, a +0 buckler, a +0
                  | leather armour
     0 | D:1      | Reached XP level 1. HP: 13/13 MP: 1/1
   691 | D:1      | Reached XP level 2. HP: 19/19 MP: 2/2
  1418 | D:1      | Found a faded altar of an unknown god.
  1719 | D:2      | Reached XP level 3. HP: 23/25 MP: 3/3
  1961 | D:2      | Reached skill level 1 in Invocations
  2232 | D:3      | Found a broken altar of Ashenzari.
  2248 | D:3      | Reached skill level 1 in Fighting
  2248 | D:3      | Reached skill level 1 in Long Blades
  2248 | D:3      | Reached skill level 1 in Axes
  2248 | D:3      | Reached skill level 1 in Maces & Flails
  2248 | D:3      | Reached skill level 1 in Polearms
  2248 | D:3      | Reached skill level 1 in Staves
  2248 | D:3      | Reached skill level 1 in Slings
  2248 | D:3      | Reached skill level 1 in Bows
  2248 | D:3      | Reached skill level 1 in Crossbows
  2248 | D:3      | Reached skill level 1 in Dodging
  2248 | D:3      | Reached skill level 1 in Unarmed Combat
  2248 | D:3      | Reached skill level 1 in Spellcasting
  2248 | D:3      | Reached skill level 1 in Evocations
  2257 | D:3      | Reached XP level 4. HP: 14/32 MP: 5/5
  2858 | D:3      | Reached skill level 1 in Conjurations
  2858 | D:3      | Reached skill level 1 in Hexes
  2858 | D:3      | Reached skill level 1 in Summonings
  2858 | D:3      | Reached skill level 1 in Necromancy
  2858 | D:3      | Reached skill level 1 in Translocations
  2858 | D:3      | Reached skill level 1 in Transmutations
  2858 | D:3      | Reached skill level 1 in Fire Magic
  2858 | D:3      | Reached skill level 1 in Ice Magic
  2858 | D:3      | Reached skill level 1 in Air Magic
  2858 | D:3      | Reached skill level 1 in Earth Magic
  2858 | D:3      | Reached skill level 1 in Poison Magic
  3068 | D:3      | Reached XP level 5. HP: 37/37 MP: 6/6
  3273 | D:3      | Noticed an ice beast
  3325 | D:3      | Slain by an ice beast

Illustrated notes

Levels and vault maps discovered:
D:1:      nicolae_arrival_memento_mori, layout_loops_cross,
          dreamdust_ecumenical_altar_hidden_monk_grotto
D:2:      layout_rooms
D:3:      wad_lake_hut, layout_basic, nicolae_ashenzari_skybound

Skill      XL: |  1  2  3  4 |
---------------+-------------+-----
Invocations    | 1 |  1.4
Fighting       | 1 |  1.3
Long Blades    | 1 |  1.3
Axes           | 1 |  1.3
Maces & Flails | 1 |  1.3
Polearms       | 1 |  1.3
Staves         | 1 |  1.3
Slings         | 1 |  1.3
Bows           | 1 |  1.3
Crossbows      | 1 |  1.3
Dodging        | 1 |  1.3
Unarmed Combat | 1 |  1.3
Spellcasting   | 1 |  1.3
Evocations     | 1 |  1.3
Conjurations   | 1 |  1.0
Hexes          | 1 |  1.0
Summonings     | 1 |  1.0
Necromancy     | 1 |  1.0
Translocations | 1 |  1.0
Transmutations | 1 |  1.0
Fire Magic     | 1 |  1.0
Ice Magic      | 1 |  1.0
Air Magic      | 1 |  1.0
Earth Magic    | 1 |  1.0
Poison Magic   | 1 |  1.0
Short Blades   | |  4.7
Throwing       | |  8.6
Armour         | |  2.8
Stealth        | |  2.6
Shields        | |  4.7

Action                   |  1- 3 |  4- 6 || total
-------------------------+-------+-------++-------
Melee: Dagger            |   129 |    80 ||   209
       Bite              |    12 |    11 ||    23
Throw: Dart              |     1 |     4 ||     5
Armor: Leather armour    |    27 |       ||    27
       Ring mail         |     6 |    20 ||    26
Dodge: Dodged            |    44 |    23 ||    67
Block: Buckler           |    20 |     9 ||    29
